 Dungeon Crawl Stone Soup version 0.25-a0-42-g6c54e25894 (webtiles) character file.

Game seed: 9950955161171918542, levelgen mode: deterministic

24 Amnesiac the Digger (level 2, 0/11 HPs)
             Began as a Felid Earth Elementalist on Oct 22, 2019.
             Killed by nerve-wracking pain
             ... invoked by Jessica
              (8 damage)
             ... on level 3 of the Dungeon.
             The game lasted 00:04:34 (833 turns).

Amnesiac the Digger (Felid Earth Elementalist)       Turns: 833, Time: 00:04:35

Health: 0/11       AC:  3    Str:  4    XL:     2   Next: 79%
Magic:  6/6        EV: 18    Int: 16    God:
Gold:   13         SH:  0    Dex: 16    Spells: 2/5 levels left
                                        Lives:  0   Deaths: 0

rFire    . . .     SeeInvis +   (weapon unavailable)
rCold    . . .     Gourm    .   (shield unavailable)
rNeg     . . .     Faith    .   (armour unavailable)
rPois    .         Spirit   .   (helmet unavailable)
rElec    .         Reflect  .   (cloak unavailable)
rCorr    .         Harm     .   (gloves unavailable)
MR       .....                  (boots unavailable)
Stlth    ++++......             (no amulet)
HPRegen  0.03/turn              f - +2 ring of protection
MPRegen  0.10/turn              g - ring of stealth

@: quick
A: very small, no armour, no weapons or thrown items, stealth, claws 1, fangs 3,
see invisible, carnivore, speed 1, shaggy fur 1, slow metabolism 1, sharp paws
a: no special abilities


You were on level 3 of the Dungeon.
You were completely stuffed.

You visited 1 branch of the dungeon, and saw 3 of its levels.

You collected 13 gold pieces.

Inventory:

Missiles
 b - 17 stones
Jewellery
 f - a +2 ring of protection (left paw)
 g - a ring of stealth (right paw)
Scrolls
 k - a scroll of amnesia {!r}
Potions
 i - a potion of haste {!q, unknown}
 l - 2 potions of heal wounds {!q}
Comestibles
 c - a ration


   Skills:
 + Level 3.1 Dodging
 - Level 2.6 Stealth
 + Level 2.3 Spellcasting
 - Level 1.1 Transmutations
 * Level 3.3 Earth Magic


You had 2 spell levels left.
You knew the following spells:

 Your Spells              Type           Power        Failure   Level  Hunger
a - Sandblast             Erth           ##....       5%          1    #......
b - Passwall              Tmut/Erth      #.......     12%         2    ###....

Your spell library contained the following spells:

 Spells                   Type           Power        Failure   Level  Hunger
 Stone Arrow              Conj/Erth      #.....       30%         3    ###....
 Petrify                  Tmut/Erth      #.......     63%         4    #####..
 Lee's Rapid Deconstruct  Erth           ##........   82%         5    ######.


Dungeon Overview and Level Annotations

Branches:
Dungeon (3/15)

Altars:
Okawaru

Annotations:
D:3 Ijyb, Jessica


Innate Abilities, Weirdness & Mutations

You cannot wear armour.
You are incapable of wielding weapons or throwing items.
Your paws allow you to move quietly. (Stealth)
You have sharp claws.
You have razor-sharp teeth.
You have supernaturally acute eyesight. (SInv)
You are carnivorous and can eat meat at any time.
You cover ground quickly.
You are covered in fur. (AC +1)
You have a slow metabolism.
Your sharp claws are effective at attacking unaware monsters.


Message History

You kill the jackal!
b - 18 stones The quokka misses you.
Unknown command.
Casting: Sandblast (safe; 5% risk of failure)
Confirm with . or Enter, or press ? or * to list all spells.
Aiming: Sandblast (safe; 5% risk of failure)
Press: ? - help, Shift-Dir - straight line, f/p - quokka
Aim: a quokka (moderately wounded)
The blast of sand hits the quokka!
You kill the quokka!
b - 17 stones Unknown command.
You miss the frilled lizard. The frilled lizard closely misses you.
You scratch the frilled lizard.
You kill the frilled lizard!
You see here a jackal corpse.
You butcher the jackal corpse.
m - a chunk of flesh You see here a jackal skeleton.
You start resting.
Eating a chunk of flesh.
You eat the chunk of flesh.
This raw flesh tastes great.
Magic restored.
Really read
d - 2 scrolls labeled GAOCLECYIS {!r}?
As you read the scroll labeled GAOCLECYIS {!r}, it crumbles to dust.
The air around you briefly surges with heat, but it dissipates.
It was a scroll of immolation {!r}.
Really read
d - a scroll of immolation {!r}?
Really read the scroll of immolation? [Y]es or [N]o only, please.
Really read the scroll of immolation?
As you read the scroll of immolation {!r}, it crumbles to dust.
The air around you briefly surges with heat, but it dissipates.
Really read
k - 2 scrolls labeled DOSSIX HUWILI {!r}?
As you read the scroll labeled DOSSIX HUWILI {!r}, it crumbles to dust.
It is a scroll of amnesia.
Really abort (and waste the scroll)? [Y]es or [N]o only, please.
Really abort (and waste the scroll)?
Okay, then.
Really read
a - a scroll labeled BOONEWKIMIDGH {!r}?
As you read the scroll labeled BOONEWKIMIDGH {!r}, it crumbles to dust.
It is a scroll of enchant weapon.
You aren't carrying any weapons that can be enchanted.
Really read
e - a scroll labeled TOUSULE KOZURO {!r}?
As you read the scroll labeled TOUSULE KOZURO {!r}, it crumbles to dust.
It is a scroll of identify.
l - 2 potions of heal wounds {!q}
g - a ring of stealth (right paw) Really read
h - a scroll labeled MEXEFROCZE {!r}?
As you read the scroll labeled MEXEFROCZE {!r}, it crumbles to dust.
It is a scroll of enchant armour.
You aren't carrying any armour which can be enchanted further.
Really read
j - a scroll labeled REWKUD CUUSOP {!r}?
As you read the scroll labeled REWKUD CUUSOP {!r}, it crumbles to dust.
You feel blessed for a moment.
It was a scroll of remove curse {!r}.
Ijyb and Jessica come into view.
Ijyb shouts!
Jessica shouts!
Jessica casts a spell.
Jessica blinks!
Jessica points at you and mumbles some strange words.
Pain shoots through your body!
Ouch! That really hurt!
You die...

##### ..# ##...# #.#
##....o #g# #.#...# #.#
#.##### #@# #####.## # #.#
#......# . #.# #.###.#...#
######@# #.# #.#.###
#.รท....# #.# #.# #
#.###### #h# #...# #.###
#.# ##..# #.#.## #.# ...#
<###....########.##....##
...........................
...###....###########...###
. ##..## ..#


You could see Ijyb and Jessica.

Vanquished Creatures
  A leopard gecko (D:2)
  An orc (D:3)
  2 ball pythons (D:2)
  A giant cockroach (D:2)
  2 goblins
  3 hobgoblins
  A jackal (D:3)
  A quokka (D:3)
  2 bats (D:2)
  4 frilled lizards
  2 kobolds
  A rat (D:1)
21 creatures vanquished.

Notes
Turn   | Place    | Note
-------+----------+-------------------------------------------
     0 | D:1      | Amnesiac the Felid Earth Elementalist began the quest for
                  | the Orb.
     0 | D:1      | Reached XP level 1. HP: 7/7 MP: 4/4
   219 | D:2      | Found an iron altar of Okawaru.
   249 | D:2      | Reached XP level 2. HP: 4/11 MP: 4/6
   253 | D:2      | Learned a level 2 spell: Passwall
   832 | D:3      | Noticed Ijyb
   832 | D:3      | Noticed Jessica
   833 | D:3      | Killed from afar by Jessica

Levels and vault maps discovered:
D:1:      lightli_arrival_maybe_door_vault, layout_rooms
D:2:      layout_basic, marbit_many_paths, first_ration
D:3:      layout_loops_corners, uniq_ijyb, uniq_jessica

Skill      XL: |  1  2 |
---------------+-------+-----
Earth Magic    | 3 |  3.3
Dodging        | 3 |  3.1
Stealth        | |  2.6
Spellcasting   | |  2.3
Transmutations | |  1.1

Action                   || total
-------------------------++-------
Melee: Unarmed           ||    57
       Bite              ||     5
 Cast: Sandblast         ||    13
  Use: Scroll            ||     7
 Stab: Sleeping          ||     4
  Eat: Chunk             ||     7
Armor: Skin              ||    10
Dodge: Dodged            ||    54

Table legend:
 A = Non-vault XP
 B = Vault XP
 C = Vault XP percentage of total XP
 D = Non-vault monster count
 E = Vault monster count
 F = Vault count percentage of total count
                 A         B        C        D         E       F
            +---------+---------+-------+---------+---------+-------
      Total |      33 |       2 |   5.7 |      20 |       1 |   4.8
            +---------+---------+-------+---------+---------+-------
        D:1 |       5 |       0 |   0.0 |       4 |       0 |   0.0
        D:2 |      16 |       2 |  11.1 |       9 |       1 |  10.0
        D:3 |      12 |       0 |   0.0 |       7 |       0 |   0.0
            +---------+---------+-------+---------+---------+-------
